 Dungeon Crawl Stone Soup version 0.27-b1-42-g19c61b19a5 (webtiles) character file.

Game seed: 5293322342562842582

184 Naeght the Chopper (level 5, -2/47 HPs)
             Began as a Minotaur Berserker on July 29, 2021.
             Was a Priest of Trog.
             Slain by a kobold brigand (8 damage)
             ... in a sewer.
             The game lasted 00:07:31 (3010 turns).

Naeght the Chopper (Minotaur Berserker)             Turns: 3010, Time: 00:07:32

Health: -2/47      AC:  5    Str: 22    XL:     5   Next: 36%
Magic:  4/4        EV: 11    Int:  4    God:    Trog [***...]
Gold:   109        SH:  0    Dex: 10    Spells: 4/4 levels left

rFire    . . .     SeeInvis .   a - +0 hand axe
rCold    . . .     Faith    .   (no shield)
rNeg     + . .     Spirit   .   h - +0 ring mail
rPois    .         Reflect  .   (helmet restricted)
rElec    .         Harm     .   (no cloak)
rCorr    .         Rampage  .   (no gloves)
Will     .....                  (no boots)
Stlth    +.........             (no amulet)
HPRegen  0.15/turn              i - ring of positive energy
MPRegen  0.09/turn              (no ring)

@: lethally poisoned (-2 -> -8), slowed, very slow
A: horns 2, retaliatory headbutt
a: Renounce Religion, Berserk, Trog's Hand


You were in a sewer.
You worshipped Trog.
Trog was most pleased with you.
You visited 1 branch of the dungeon, and saw 3 of its levels.
You also visited: Sewer.

You collected 109 gold pieces.

Inventory:

Hand Weapons
 a - a +0 hand axe (weapon)
Missiles
 g - 3 javelins (quivered)
Armour
 b - a +0 animal skin
 h - a +0 ring mail (worn)
Jewellery
 i - a ring of positive energy (left hand)
 j - a ring of fire
Scrolls
 d - 2 scrolls of identify {unknown}
 f - a scroll of teleportation {unknown}
Potions
 c - 3 potions of curing {unknown}
 e - a potion of lignification {unknown}


   Skills:
 + Level 4.8 Fighting
 + Level 5.7 Axes
 + Level 3.3 Armour
 + Level 2.7 Dodging
 + Level 0.4 Stealth


You had 4 spell levels left.
You didn't know any spells.
Your spell library was empty.

Dungeon Overview and Level Annotations

Branches:
Dungeon (3/15)              Sewer (1/1)

Altars:


Innate Abilities, Weirdness & Mutations

You have a pair of horns on your head.
You reflexively headbutt those who attack you in melee.


Message History

You enter the shallow water.
Moving in this stuff is going to be slow.
A jackal and a kobold come into view.
The kobold shouts!
The jackal barks!
You hear a shout!
A kobold comes into view. It is wielding a +0 dagger.
The kobold moves out of view. x2
You hear a shout! x2
A kobold brigand comes into view.
It is wielding a +0 club and quivering curare-tipped darts.
The kobold brigand moves out of view.
You enter the shallow water.
Moving in this stuff is going to be slow.
The jackal barely misses you. The jackal barely misses you.
The jackal stops to sniff the water.
The jackal bites you but does no damage.
The jackal misses you. The jackal bites you.
Your unstable footing causes you to fumble your attack.
The jackal bites you but does no damage.
You slash the jackal!
You kill the jackal!
Trog accepts your kill.
The kobold brigand throws a curare-tipped dart.
The curare-tipped dart hits you.
You are poisoned.
You have difficulty breathing.
You feel yourself slow down.
You feel extremely sick.
The kobold brigand throws a curare-tipped dart.
The curare-tipped dart hits you.
You are more poisoned.
You have difficulty breathing.
You feel as though you will be slow longer.
* * * LOW HITPOINT WARNING * * *
You feel extremely sick.
The kobold brigand throws a curare-tipped dart.
The curare-tipped dart barely misses you.
* * * LOW HITPOINT WARNING * * *
You feel very sick.
The kobold brigand hits you with a +0 club!
You die...

##≈≈≈## #.≈≈≈.# #.≈≈≈.# #.≈≈≈..
#≈≈≈≈.# #.≈≈≈.# ##≈≈≈≈.#
##########################≈.≈≈≈≈.
†.†....≈≈≈≈≈≈≈≈≈@K≈≈≈≈≈≈≈≈≈≈≈≈≈..
##########################≈≈≈≈≈.≈
#.≈≈≈≈≈. #≈≈≈≈≈≈. #h≈≈≈≈≈.
#.≈≈≈≈≈. #.≈≈≈≈≈. #.≈≈≈≈≈.
#.≈≈≈...


You could see a kobold brigand.

Vanquished Creatures
  7 adders
  2 river rats (Sewer)
  5 worms
  A dart slug (D:1)
  6 orcs (D:3)
  A bat (D:2)
  7 endoplasms
  3 giant cockroaches
  7 goblins
  5 hobgoblins
  12 jackals
  4 quokkas
  5 ball pythons
  2 frilled lizards (D:2)
  2 kobolds (D:3)
  8 rats
77 creatures vanquished.

Notes
Turn   | Place    | Note
-------+----------+-------------------------------------------
     0 | D:1      | Naeght the Minotaur Berserker began the quest for the Orb.
     0 | D:1      | Reached XP level 1. HP: 19/19 MP: 0/0
   135 | D:1      | Found a faded altar of an unknown god.
   472 | D:1      | Reached skill level 4 in Axes
   472 | D:1      | Reached XP level 2. HP: 27/27 MP: 1/1
  1194 | D:1      | Reached XP level 3. HP: 33/33 MP: 2/2
  1837 | D:2      | Reached ** piety under Trog
  2067 | D:2      | Reached XP level 4. HP: 40/40 MP: 3/3
  2070 | D:2      | Reached skill level 5 in Axes
  2767 | D:3      | Reached XP level 5. HP: 45/47 MP: 4/4
  2808 | D:3      | Found a glowing drain.
  2893 | Sewer    | Entered a sewer
  3006 | Sewer    | Reached *** piety under Trog
  3010 | Sewer    | Slain by a kobold brigand

Illustrated notes

Levels and vault maps discovered:
D:1:      saegor_arrival_miasma, layout_loops_ring,
          chequers_ecumenical_altar_simple_redux
D:2:      layout_basic
D:3:      layout_rooms, lightli_sewer_entry_pipes, kennysheep_path_1
Sewer:    sewer_kobolds

Skill      XL: |  1  2  3  4 |
---------------+-------------+-----
Axes           | 4 5 |  5.7
Fighting       | 4 |  4.8
Armour         | 3 |  3.3
Dodging        | |  2.7
Stealth        | |  0.4

Action                   |  1- 3 |  4- 6 || total
-------------------------+-------+-------++-------
Melee: Hand axe          |   103 |    77 ||   180
       Headbutt          |    11 |    14 ||    25
 Stab: Sleeping          |     1 |       ||     1
Armor: Animal skin       |     6 |       ||     6
       Ring mail         |     6 |    15 ||    21
Dodge: Dodged            |    70 |    51 ||   121
